 Dungeon Crawl Stone Soup version 0.24.0-1-gfbc8707 (webtiles) character file.

Game seed: 311895931915737634, levelgen mode: deterministic

12418 Faca the Fighter (level 12, -1/105 HPs)
             Began as a Formicid Wanderer on Nov 8, 2019.
             Was a Priest of Makhleb.
             Slain by a redback (2 damage)
             ... on level 2 of the Lair of Beasts.
             The game lasted 00:29:19 (12883 turns).

Faca the Fighter (Formicid Wanderer)               Turns: 12883, Time: 00:29:20

Health: -1/105     AC: 14    Str: 33    XL:     12   Next: 20%
Magic:  12/12      EV:  9    Int: 12    God:    Makhleb [***...]
Gold:   647        SH:  0    Dex:  8    Spells: 11/11 levels left

rFire    . . .     SeeInvis +   r - +1 demon whip (freeze)
rCold    . . .     Gourm    .   (no shield)
rNeg     . . .     Faith    .   k - +0 chain mail
rPois    .         Spirit   .   (helmet unavailable)
rElec    .         Reflect  .   b - +1 cloak
rCorr    .         Harm     .   w - +0 pair of gloves of Hedonism {Str+4}
MR       +....                  c - +0 pair of boots
Stlth    ..........             (no amulet)
HPRegen  0.27/turn              y - +5 ring of strength
MPRegen  0.13/turn              n - +5 ring of slaying

@: lethally poisoned (-1 -> -215)
A: permanent stasis, dig shafts and tunnels, four strong arms, antennae 3
a: Dig, Shaft Self, Minor Destruction, Lesser Servant of Makhleb, Renounce
Religion


You were on level 2 of the Lair of Beasts.
You worshipped Makhleb.
Makhleb was most pleased with you.
You were not hungry.

You visited 3 branches of the dungeon, and saw 13 of its levels.

You collected 683 gold pieces.
You spent 36 gold pieces at shops.

Inventory:

Hand Weapons
 g - the +9 falchion of the Original Sin {elec, -Tele rPois Dex+9 Stlth-}
   (You found it on level 10 of the Dungeon)

   Occasionally, upon striking a foe, it will discharge some electrical energy
   and cause terrible harm.
   It affects your dexterity (+9).
   It protects you from poison.
   It prevents most forms of teleportation.
   It makes you less stealthy.
 r - a +1 demon whip of freezing (weapon)
 C - a +0 hand crossbow
Missiles
 f - 38 poisoned darts (quivered)
 i - 110 bolts
 E - a throwing net
Armour
 b - a +1 cloak (worn)
 c - a +0 pair of boots (worn)
 k - a +0 chain mail (worn)
 w - the +0 pair of gloves of Hedonism (worn) {Str+4}
   (You found it on level 8 of the Dungeon)

   It affects your strength (+4).
Jewellery
 n - a +5 ring of slaying (right hand)
 t - an uncursed ring of protection from magic
 x - an uncursed ring of flight
 y - a +5 ring of strength (left hand)
 B - an uncursed ring of poison resistance
Wands
 s - a wand of acid (10)
 v - a wand of polymorph (15)
 A - a wand of disintegration (22)
 D - a wand of digging (2)
 H - a wand of paralysis (9)
Scrolls
 h - 6 scrolls of remove curse
 l - 2 scrolls of enchant weapon
 q - 6 scrolls of identify
 u - a scroll of magic mapping
Potions
 a - 3 potions of lignification
 j - a potion of mutation
 m - a potion of cancellation
 o - 2 potions of agility
 p - 4 potions of flight
 z - a potion of brilliance
 I - 2 potions of invisibility
Comestibles
 d - 15 rations
 G - 3 chunks of flesh


   Skills:
 + Level 13.6 Fighting
   Level 8.7(10.6) Axes
 + Level 9.8(11.1) Maces & Flails
 - Level 3.0 Crossbows
 + Level 5.5 Armour
   Level 1.2 Shields
 - Level 1.1 Evocations


You had 11 spell levels left.
You didn't know any spells.
Your spell library contained the following spells:

 Spells                   Type           Power        Failure   Level  Hunger
 Animate Skeleton         Necr           N/A          80%         1    ##.....
 Beastly Appendage        Tmut           #.....       80%         1    ##.....
 Magic Dart               Conj           #...         80%         1    ##.....
 Pain                     Necr           #...         80%         1    ##.....
 Shock                    Conj/Air       #...         80%         1    ##.....
 Call Imp                 Summ           #.......     90%         2    ###....
 Slow                     Hex            #.......     90%         2    ###....
 Sticks to Snakes         Tmut           #.......     90%         2    ###....
 Swiftness                Chrm/Air       #.......     90%         2    ###....
 Conjure Flame            Conj/Fire      #.......     99%         3    ####...
 Mephitic Cloud           Conj/Pois/Air  #.......     99%         3    ####...
 Regeneration             Chrm/Necr      #.........   99%         3    ####...
 Spider Form              Tmut/Pois      #.........   99%         3    ####...
 Static Discharge         Conj/Air       #.......     99%         3    ####...
 Vampiric Draining        Necr           #.........   99%         3    ####...
 Airstrike                Air            #.........   100%        4    #####..
 Animate Dead             Necr           N/A          100%        4    #####..
 Cause Fear               Hex            #.........   100%        4    #####..
 Ice Form                 Ice/Tmut       #.......     100%        4    #####..
 Blade Hands              Tmut           #.........   100%        5    ######.
 Lightning Bolt           Conj/Air       #.........   100%        5    ######.
 Silence                  Hex/Air        #.........   100%        5    ######.
 Yara's Violent Unravell  Hex/Tmut       #.........   100%        5    ######.
 Deflect Missiles         Chrm/Air       #.........   100%        6    #######
 Discord                  Hex            #.........   100%        8    #######
 Blink                    Tloc           Unusable     N/A         2    N/A

Dungeon Overview and Level Annotations

Branches:
Dungeon (10/15)            Temple (1/1) D:6            Lair (2/6) D:8
 Spider (0/4) Lair:2
  Swamp: Lair:2-4    Shoals: Lair:2-4       Orc: D:9-12

Altars:
Ashenzari
Cheibriados
Dithmenos
Elyvilon
Fedhas
Gozag
Hepliaklqana
Kikubaaqudgha
Makhleb
Nemelex Xobeh
Okawaru
Qazlal
Ru
Sif Muna
Trog
Uskayaw
Vehumet
Wu Jian
Xom
Yredelemnul
Zin
The Shining One

Shops:
D:8 !

Annotations:
D:10 2 transporters, D12ThenQuit's ghost, novice OpAE


Innate Abilities, Weirdness & Mutations

You cannot be hasted, slowed, berserked, paralysed or teleported.
You can dig through walls and to a lower floor.
Your four strong arms can wield two-handed weapons with a shield.
You have a pair of large antennae on your head. (SInv)


Message History

You feel extremely sick.
The redback bites you but does no damage.
The redback bites you!
* * * LOW HITPOINT WARNING * * *
You are more poisoned.
The redback poisons you!
The redback bites you but does no damage.
The redback bites you.
* * * LOW HITPOINT WARNING * * *
Unknown command.
Okay, then.
As you read the scroll labeled OTUBRUGRIO, it crumbles to dust.
Your body is wracked with pain!
* * * LOW HITPOINT WARNING * * *
The redback convulses! x3; The jumping spider convulses!
It was a scroll of torment.
* * * LOW HITPOINT WARNING * * *
You feel extremely sick. The redback bites you.
You die...

##P## ###
.####...#####P#######P
.......................
.......................
.......................
.....................#
...........#......#
...........####..##
....<..†..## #s@#
.#P..##...# #..ss.#
........+.## ##....≈..
........#..# .....≈.>..
........+..# #.....≈...#
........#.####....###.##
...##..##........Ps #.#{
................... #.
....................


You could see a jumping spider and 3 redbacks.

Vanquished Creatures
  Fannar (Lair:1)
  4 two-headed ogres
  A black mamba (Lair:2)
  A gargoyle (D:10)
  3 spiny frogs (Lair:1)
  3 komodo dragons
  A troll (D:9)
  2 hippogriffs
  A vampire (D:10)
  A redback (Lair:2)
  A wyvern (D:10)
  A basilisk (Lair:1)
  2 hungry ghosts
  3 wargs (D:8)
  2 water moccasins (Lair:1)
  3 porcupines
  7 ice beasts
  2 sky beasts
  A black bear (D:6)
  3 orc warriors
  4 phantoms
  A necrophage (D:9)
  2 ogres
  A wolf (D:8)
  5 centaurs
  A crocodile (D:10)
  A big kobold (D:7)
  7 bullfrogs
  2 scorpions
  3 killer bees (D:8)
  6 wights
  An electric eel (D:9)
  4 crimson imps
  A centaur zombie (D:8)
  A centaur skeleton (D:9)
  2 jellies (D:6)
  2 bullfrog skeletons
  5 orc priests
  2 hounds (D:10)
  6 orc wizards
  3 iguanas
  9 worker ants
  2 bullfrog simulacra (D:9)
  A hound zombie (D:7)
  A worker ant zombie (D:8)
  A howler monkey zombie (D:7)
  11 adders
  8 gnolls
  2 shadow imps
  A white imp (D:9)
  2 worker ant simulacra (D:9)
  2 ufetubi (D:9)
  2 worms
  4 dart slugs
  3 leopard geckos
  34 orcs
  4 ball pythons
  7 bats
  7 giant cockroaches
  6 goblins
  4 hobgoblins
  11 jackals
  3 quokkas
  7 frilled lizards
  13 kobolds
  A leopard gecko zombie (D:6)
  8 rats
257 creatures vanquished.

Notes
Turn   | Place    | Note
-------+----------+-------------------------------------------
     0 | D:1      | Faca the Formicid Wanderer began the quest for the Orb.
     0 | D:1      | Faca set off with the following items: a +2 hand axe, a +0
                  | mace, a +0 ring mail, a ration
     0 | D:1      | Reached XP level 1. HP: 13/13 MP: 1/1
    79 | D:1      | Reached skill level 1 in Fighting
    79 | D:1      | Reached XP level 2. HP: 16/21 MP: 2/2
   409 | D:1      | Reached XP level 3. HP: 18/27 MP: 3/3
   613 | D:1      | Reached skill level 2 in Fighting
  1417 | D:2      | Reached XP level 4. HP: 34/34 MP: 4/4
  1755 | D:2      | Reached skill level 3 in Fighting
  1765 | D:2      | Reached XP level 5. HP: 38/41 MP: 5/5
  2886 | D:3      | Reached XP level 6. HP: 48/48 MP: 6/6
  3027 | D:3      | Reached skill level 4 in Fighting
  3463 | D:4      | Noticed a phantom
  3775 | D:4      | Noticed an ogre
  4242 | D:3      | Killed an ogre
  4242 | D:3      | Reached skill level 5 in Fighting
  4242 | D:3      | Reached skill level 5 in Axes
  4242 | D:3      | Reached XP level 7. HP: 40/56 MP: 7/7
  4637 | D:4      | Reached skill level 6 in Fighting
  4855 | D:4      | Reached XP level 8. HP: 56/64 MP: 8/8
  4921 | D:4      | Found a glowing silver altar of Zin.
  4922 | D:4      | Found a shattered altar of Ashenzari.
  5089 | D:4      | Found a snail-covered altar of Cheibriados.
  5090 | D:4      | Found an opulent altar of Gozag.
  5130 | D:5      | Entered Level 5 of the Dungeon
  5431 | D:5      | Found a shimmering altar of Xom.
  5465 | D:5      | Found an ornate altar of the Wu Jian Council.
  5901 | D:6      | Reached skill level 7 in Fighting
  6126 | D:6      | You fall into a shaft and drop 1 floor!
  6317 | D:6      | Reached skill level 8 in Fighting
  6317 | D:6      | Reached XP level 9. HP: 74/74 MP: 9/9
  6413 | D:6      | Found a staircase to the Ecumenical Temple.
  6421 | Temple   | Entered the Ecumenical Temple
  6559 | Temple   | Became a worshipper of Makhleb the Destroyer
  7232 | D:8      | Reached skill level 9 in Fighting
  7401 | D:8      | Reached skill level 1 in Maces & Flails
  7402 | D:8      | You fall into a shaft and drop 2 floors!
  7402 | D:10     | Entered Level 10 of the Dungeon
  7485 | D:10     | Noticed a hippogriff
  7501 | D:10     | Killed a hippogriff
  7628 | D:9      | Reached * piety under Makhleb
  7636 | D:9      | Reached XP level 10. HP: 76/85 MP: 10/10
  7638 | D:9      | Reached skill level 10 in Fighting
  7679 | D:9      | Noticed a two-headed ogre
  7696 | D:8      | Found a staircase to the Lair.
  8297 | D:8      | Reached skill level 5 in Maces & Flails
  8578 | D:8      | Found Egabb's Distillery.
  8590 | D:8      | Bought a potion of lignification for 36 gold pieces
  8634 | D:8      | Got a pair of faintly glowing gloves
  8645 | D:8      | Identified the cursed +0 pair of gloves of Hedonism {Str+4}
                  | (You found it on level 8 of the Dungeon)
  8856 | D:9      | Killed a two-headed ogre
  8856 | D:9      | Reached skill level 11 in Fighting
  9154 | D:9      | Noticed a two-headed ogre
  9171 | D:9      | Reached ** piety under Makhleb
  9185 | D:9      | Killed a two-headed ogre
  9554 | D:9      | Reached XP level 11. HP: 95/95 MP: 11/11
 10272 | D:9      | Found a hazy altar of Hepliaklqana.
 10494 | D:9      | Reached skill level 12 in Fighting
 10575 | D:10     | Identified the +9 falchion of the Original Sin {elec, -Tele
                  | rPois Dex+9 Stlth-} (You found it on level 10 of the
                  | Dungeon)
 10596 | D:10     | Noticed a two-headed ogre
 10607 | D:10     | Killed a two-headed ogre
 10821 | D:10     | Noticed a two-headed ogre
 10826 | D:10     | Killed a two-headed ogre
 10930 | D:10     | Reached *** piety under Makhleb
 11041 | D:10     | Reached skill level 13 in Fighting
 11096 | D:10     | Noticed D12ThenQuit's ghost (novice OpAE)
 11097 | D:10     | Found a transporter.
 11097 | D:10     | Identified the +6 dire flail of Vengeance {flame, rF- Str+4
                  | Int+2}
 11097 | D:10     | Identified the +11 dire flail "Umac" {drain, +Fly Dex+2}
 11097 | D:10     | Noticed a two-headed ogre
 11100 | D:10     | Noticed a two-headed ogre
 11101 | D:10     | Found a transporter.
 11419 | Lair:1   | Entered Level 1 of the Lair of Beasts
 11454 | Lair:1   | Noticed Fannar
 11480 | Lair:1   | Killed Fannar
 12326 | Lair:1   | Reached XP level 12. HP: 101/104 MP: 12/12
 12500 | Lair:1   | Reached skill level 5 in Armour
 12866 | Lair:2   | Found a hole to the Spider Nest.
 12883 | Lair:2   | HP: 1/105 [poisoned by a redback]
 12883 | Lair:2   | Slain by a redback

Levels and vault maps discovered:
D:1:      dpeg_arrival_renting, layout_basic
D:2:      layout_basic
D:3:      layout_loops_corners
D:4:      layout_rooms, nicolae_overflow_hidden_temple
D:5:      layout_basic, lemuel_coloured_pillars_altar, lemuel_crystal_altar,
          first_ration, corner_web_ring, minmay_misc_feat_encased
D:6:      layout_loops_ring, minmay_temple_entry_drinking_statues,
          kennysheep_potato
D:7:      layout_rooms
D:8:      layout_cave_pools, erik_lair_orcish_takeover, serial_shops,
          nicolae_shop_waterfront
D:9:      layout_basic, lemuel_doored_altar, serial_ice, serial_ice_i,
          serial_ice_d, serial_ice_g, serial_ice_h
D:10:     kennysheep_blocky_hall, layout_long_grid, gammafunk_ghost_smash,
          grunt_ogre_cave
Temple:   regret_index_temple_waves
Lair:1:   layout_concentric_octagons, uniq_fannar
Lair:2:   layout_chaotic_city, elwin_shoals_entry_stream,
          nicolae_spider_entry_tight_spaces, serial_bayou_shore_a,
          infiniplex_staircase_pool_2

Skill      XL: |  1  2  3  4  5  6  7  8  9 10 11 12 |
---------------+-------------------------------------+-----
Fighting       | 1 2 3 5 6 8 9 11 13 | 13.6
Axes           | 3 4 5 6 7 8 |  8.7
Maces & Flails | 3 7 9 |  9.8
Armour         | 4 5 |  5.5
Crossbows      | |  3.0
Shields        | |  1.2
Evocations     | |  1.1

Action                   |  1- 3 |  4- 6 |  7- 9 | 10-12 || total
-------------------------+-------+-------+-------+-------++-------
Melee: Hand axe          |    93 |   125 |   258 |       ||   476
       Demon whip        |       |       |    58 |   319 ||   377
Throw: Dart              |       |     2 |       |     9 ||    11
 Abil: Dig               |       |     1 |     2 |       ||     3
  Use: Scroll            |       |     4 |    11 |     6 ||    21
       Potion            |       |       |       |     1 ||     1
  Eat: Chunk             |     2 |     5 |     8 |    10 ||    25
       Ration            |       |     1 |     1 |     3 ||     5
Armor: Ring mail         |    21 |       |       |       ||    21
       Chain mail        |    24 |    89 |   178 |   153 ||   444
Dodge: Dodged            |    39 |    47 |   126 |    96 ||   308
